 Dungeon Sprint DCSS version 0.29.1-2-gbd0b4ee654 (webtiles) character file.

Game seed: 8805984684861296483

10204 Groucho the Imperceptible (level 11, -6/58 HPs)
             Began as a Spriggan Enchanter on Nov 26, 2022.
             Was a Follower of Uskayaw.
             Mangled by a death yak (28 damage)
             ... in the Dungeon (Sprint IX: "|||||||||||||||||||||||||||||").
             The game lasted 00:05:48 (1962 turns).

Groucho the Imperceptible (Spriggan Enchanter)      Turns: 1962, Time: 00:05:48

Health: -6/58      AC:  3    Str:  9    XL:     11   Next: 33%
Magic:  26/29      EV: 25    Int: 19    God:    Uskayaw [*.....]
Gold:   0          SH:  0    Dex: 16    Spells: 29/37 levels left

rFire   . . .      SeeInvis +   a - +1 dagger
rCold   . . .      Faith    .   (no shield)
rNeg    . . .      Spirit   .   b - +0 robe
rPois   .          Reflect  .   (helmet restricted)
rElec   .          Harm     .   m - +0 cloak
rCorr   .          Rampage  .   (gloves unavailable)
Will    +....      NoTele   +   (boots unavailable)
Stlth   ++++++++..              (no amulet)
HPRegen 0.19/turn               n - +2 ring of evasion
MPRegen 0.21/turn               o - +3 ring of strength

@: very quick
A: very small, no large weapons, unfitting armour, see invisible, speed 3
a: Renounce Religion, Stomp


You were in the Dungeon.
You worshipped Uskayaw.
Uskayaw was noncommittal.
You visited 1 branch

Inventory:

Hand Weapons
 a - a +1 dagger (weapon)
 l - a +2 rapier of venom
Armour
 b - a +0 robe (worn)
 m - a +0 cloak (worn)
Jewellery
 n - a +2 ring of evasion (left hand)
 o - a +3 ring of strength (right hand)
Wands
 k - a wand of iceblast (10)
Scrolls
 i - 2 scrolls of blinking
 j - 2 scrolls of amnesia
 p - a scroll of butterflies
 q - 4 scrolls of enchant weapon
 r - 2 scrolls of fear
Potions
 c - a potion of invisibility
 d - 4 potions of curing
 e - 4 potions of heal wounds
 f - a potion of brilliance
 g - 4 potions of magic
 h - a potion of berserk rage
 s - a potion of mutation


   Skills:
 + Level 6.4 Fighting
 * Level 12.1 Short Blades
 + Level 10.4 Dodging
 * Level 23.5 Stealth
 + Level 13.5 Spellcasting
 - Level 15.0 Hexes
 + Level 7.6 Invocations


You had 29 spell levels left.
You knew the following spells:

 Your Spells              Type           Power      Damage    Failure   Level
a - Ensorcelled Hibernat  Hex/Ice        82%        N/A       1%          2
b - Confusing Touch       Hex            63%        N/A       1%          3
c - Dazzling Flash        Conj/Hex       82%        N/A       1%          3

Your spell library contained the following spells:

 Spells                   Type           Power      Damage    Failure   Level
 Tukima's Dance           Hex            63%        N/A       1%          3


Dungeon Overview and Level Annotations

Branches:
Dungeon (1/1)

Altars:
Cheibriados
Dithmenos
Elyvilon
Fedhas
Gozag
Hepliaklqana
Kikubaaqudgha
Makhleb
Nemelex Xobeh
Okawaru
Qazlal
Ru
Sif Muna
Trog
Uskayaw
Vehumet
Wu Jian
Xom
Yredelemnul
Zin
The Shining One
Jiyva
Lugonu


Innate Abilities, Weirdness & Mutations

You are very small and have problems with some larger weapons.
You are too small for most types of armour.
You have supernaturally acute eyesight. (SInv)
You cover ground extremely quickly. (Speed+++)


Message History

The death yak is lightly wounded.
You hit the death yak but do no damage.
The death yak is lightly wounded.
The death yak gores you!
You hit the death yak but do no damage.
You punch the death yak, but do no damage.
You hit the death yak but do no damage. The death yak gores you!
You are too injured to fight recklessly!
You are too injured to fight recklessly!
You are too injured to fight recklessly!
You are too injured to fight recklessly!
You are too injured to fight recklessly!
You are too injured to fight recklessly!
You are too injured to fight recklessly!
You are too injured to fight recklessly!
You are too injured to fight recklessly!
You hit the death yak but do no damage.
You feel much better. The death yak barely misses you.
You hit the death yak but do no damage. The death yak gores you.
You hit the death yak but do no damage. You hit the death yak but do no damage.
The death yak gores you!!
You hit the death yak but do no damage. You hit the death yak but do no damage.
The death yak completely misses you.
You hit the death yak but do no damage. You hit the death yak but do no damage.
The death yak appears confused.
The death yak gores the yak!!
The yak is killed!
You can no longer pass through a line of other dancers.
You hit the death yak.
The death yak is lightly wounded.
You hit the death yak but do no damage.
The death yak is lightly wounded.
The death yak gores you!
You hit the death yak.
The death yak is lightly wounded.
You catch the helpless death yak completely off-guard!
You perforate the death yak like a sieve!!!
The death yak is severely wounded.
The death yak gores you!!
You die...

▓.▓.▓_▓
▓.▓.▓_▓
▓.▓.▓_▓
▓†▓.▓_▓
▓†▓.▓_▓
▓†▓.▓_▓
▓'▓.▓'▓
▓†▓.▓.▓
▓@▓.▓.▓
▓Y▓.▓)▓
▓Y▓.▓.▓
▓†▓.▓.▓
▓.▓.▓[▓
▓.▓.▓[▓
▓.▓.▓.▓
▓(▓.▓.▓
▓.▓'▓


You could see a death yak (confused) and a yak.

Vanquished Creatures
  2 hydras (D)
  A two-headed ogre (D)
  4 death yaks (D)
  A lindwurm (D)
  A manticore (D)
  3 cyclopes (D)
  2 black mambas (D)
  3 cane toads (D)
  An unseen horror (D)
  2 komodo dragons (D)
  2 blink frogs (D)
  A shadow (D)
  4 yaks (D)
  A steam dragon (D)
  An acid dragon (D)
  3 water moccasins (D)
  A black bear (D)
  2 bullfrogs (D)
  A gnoll sergeant (D)
  A howler monkey (D)
  2 iguanas (D)
  An adder (D)
  An orc (D)
  A ball python (D)
  A giant cockroach (D)
  A hobgoblin (D)
  A bat (D)
  A rat (D)
46 creatures vanquished.

Notes
Turn   | Place    | Note
-------+----------+-------------------------------------------
     0 | D        | Groucho the Spriggan Enchanter began the quest for the Orb.
     0 | D        | Reached XP level 1. HP: 9/9 MP: 5/5
     6 | D        | Reached skill level 5 in Stealth
    23 | D        | Noticed a black bear
    23 | D        | Noticed an iguana
    23 | D        | Noticed an iguana
    25 | D        | Killed a black bear
    26 | D        | Reached skill level 10 in Stealth
    26 | D        | Reached skill level 5 in Spellcasting
    26 | D        | Reached XP level 2. HP: 13/13 MP: 5/9
    26 | D        | Reached XP level 3. HP: 16/16 MP: 6/11
    26 | D        | Reached XP level 4. HP: 21/21 MP: 6/12
    28 | D        | Reached skill level 11 in Stealth
    44 | D        | Reached skill level 12 in Stealth
    44 | D        | Reached XP level 5. HP: 18/24 MP: 9/15
    53 | D        | Found a snail-covered altar of Cheibriados.
    53 | D        | Found a shadowy altar of Dithmenos.
    53 | D        | Found a white marble altar of Elyvilon.
    53 | D        | Found a blossoming altar of Fedhas.
    53 | D        | Found an opulent altar of Gozag.
    54 | D        | Found a hazy altar of Hepliaklqana.
    55 | D        | Found a viscous altar of Jiyva.
    56 | D        | Found an ancient bone altar of Kikubaaqudgha.
    57 | D        | Found a corrupted altar of Lugonu.
    58 | D        | Found a burning altar of Makhleb.
    59 | D        | Found a sparkling altar of Nemelex Xobeh.
    60 | D        | Found an iron altar of Okawaru.
    61 | D        | Found a stormy altar of Qazlal.
    62 | D        | Found a sacrificial altar of Ru.
    63 | D        | Found a shimmering blue altar of Sif Muna.
    64 | D        | Found a bloodstained altar of Trog.
    65 | D        | Found a hide-covered altar of Uskayaw.
    66 | D        | Found a radiant altar of Vehumet.
    67 | D        | Found an ornate altar of the Wu Jian Council.
    68 | D        | Found a shimmering altar of Xom.
    69 | D        | Found a basalt altar of Yredelemnul.
    70 | D        | Found a glowing silver altar of Zin.
    71 | D        | Found a glowing golden altar of the Shining One.
    73 | D        | Became a worshipper of Uskayaw the Reveller
   107 | D        | Noticed a two-headed ogre
   107 | D        | Noticed an acid dragon
   107 | D        | Noticed a steam dragon
   107 | D        | Noticed a yak
   107 | D        | Noticed an unseen horror
   109 | D        | Killed a two-headed ogre
   109 | D        | Reached * piety under Uskayaw
   110 | D        | Reached skill level 17 in Stealth
   110 | D        | Reached skill level 10 in Spellcasting
   110 | D        | Reached skill level 10 in Hexes
   110 | D        | Reached XP level 6. HP: 26/28 MP: 16/20
   110 | D        | Reached XP level 7. HP: 30/32 MP: 16/21
   111 | D        | Reached ** piety under Uskayaw
   112 | D        | Reached skill level 18 in Stealth
   113 | D        | Killed a steam dragon
   113 | D        | Reached *** piety under Uskayaw
   114 | D        | Reached skill level 1 in Fighting
   114 | D        | Reached skill level 1 in Invocations
   116 | D        | Reached XP level 8. HP: 35/37 MP: 17/23
   117 | D        | Reached **** piety under Uskayaw
   119 | D        | Killed an unseen horror
   119 | D        | Reached ***** piety under Uskayaw
   121 | D        | Noticed a cyclops
   121 | D        | Noticed a cyclops
   121 | D        | Noticed a cyclops
   121 | D        | Noticed a manticore
   125 | D        | Killed a cyclops
   125 | D        | Killed a cyclops
   126 | D        | Reached skill level 5 in Dodging
   126 | D        | Reached skill level 19 in Stealth
   126 | D        | Reached XP level 9. HP: 42/44 MP: 18/25
   128 | D        | Killed a cyclops
   128 | D        | Reached ****** piety under Uskayaw
   129 | D        | Reached skill level 20 in Stealth
   134 | D        | Killed a manticore
   531 | D        | Noticed a komodo dragon
   531 | D        | Noticed a black mamba
   531 | D        | Noticed an eight-headed hydra
   532 | D        | Noticed a cane toad
   533 | D        | Killed a komodo dragon
   571 | D        | Reached skill level 5 in Invocations
   965 | D        | Learned a level 2 spell: Ensorcelled Hibernation
   969 | D        | Learned a level 3 spell: Confusing Touch
   973 | D        | Learned a level 3 spell: Dazzling Flash
   982 | D        | Killed a black mamba
   983 | D        | Reached XP level 10. HP: 50/50 MP: 23/27
  1029 | D        | Killed an eight-headed hydra
  1030 | D        | Reached skill level 21 in Stealth
  1092 | D        | Killed a cane toad
  1592 | D        | Noticed a cane toad
  1592 | D        | Noticed a cane toad
  1592 | D        | Noticed a six-headed hydra
  1592 | D        | Noticed a lindwurm
  1594 | D        | Killed a cane toad
  1595 | D        | Reached skill level 5 in Fighting
  1606 | D        | Killed a cane toad
  1615 | D        | Reached skill level 10 in Short Blades
  1618 | D        | Killed a lindwurm
  1618 | D        | Killed a six-headed hydra
  1619 | D        | Reached skill level 22 in Stealth
  1619 | D        | Reached skill level 15 in Hexes
  1910 | D        | Noticed a black mamba
  1919 | D        | Killed a black mamba
  1926 | D        | Noticed a death yak
  1926 | D        | Noticed a death yak
  1926 | D        | Noticed a death yak
  1926 | D        | Noticed a death yak
  1928 | D        | Killed a death yak
  1929 | D        | Reached XP level 11. HP: 56/56 MP: 29/29
  1929 | D        | Noticed a death yak
  1930 | D        | Killed a death yak
  1931 | D        | Reached skill level 23 in Stealth
  1932 | D        | Killed a death yak
  1933 | D        | Reached skill level 10 in Dodging
  1942 | D        | Killed a death yak
  1962 | D        | Mangled by a death yak

Illustrated notes

Levels and vault maps discovered:
D:        linesprint [early_d, line_temple, items_1, d_10, items_2, lair_1,
          lair_end, items_3, orc_1, orc_end, items_4, d_15, swamp_1, shoals_1,
          snake_1, spider_1, d_20, vaults_1, items_5, swamp_end, shoals_end,
          snake_end, spider_end, vaults_end, d_27, items_6, zot_1, zot_end,
          crypt_end, forest_end, elf_end, slime_end, tomb_end, abyss_end,
          pan_hell_end]

Skill      XL: |  1  2  3  4  5  6  7  8  9 10 11 |
---------------+----------------------------------+-----
Stealth        | 10 12 17 18 19 20 22 23 | 23.5
Spellcasting   | 5 6 10 11 12 13 | 13.5
Hexes          | 6 7 10 11 12 13 15 | 15.0
Short Blades   | 3 6 8 11 12 | 12.1
Dodging        | 3 5 7 9 10 | 10.4
Fighting       | 1 3 4 5 6 |  6.4
Invocations    | 1 3 5 7 |  7.6

Action                   |  1- 3 |  4- 6 |  7- 9 | 10-12 || total
-------------------------+-------+-------+-------+-------++-------
Melee: Dagger            |    14 |    17 |    28 |    55 ||   114
       Punch             |       |       |       |     1 ||     1
 Cast: Ensorcelled Hiber |       |       |     1 |    25 ||    26
       Confusing Touch   |       |       |       |     2 ||     2
Invok: Line Pass         |       |       |     1 |     2 ||     3
  Use: Potion            |       |     4 |     1 |     3 ||     8
       Scroll            |       |       |       |     1 ||     1
 Stab: Sleeping          |     2 |     1 |     7 |    14 ||    24
       Invisible         |       |     4 |     3 |       ||     7
       Paralysed         |       |       |     1 |     2 ||     3
       Confused          |       |       |     1 |     3 ||     4
Armor: Robe              |     1 |       |       |     2 ||     3
Dodge: Dodged            |    15 |    12 |    17 |    26 ||    70
